 Dungeon Crawl Stone Soup version 0.30.1-11-g7821555f0a (webtiles) character file.

Game seed: 11733045639834876634

408 Prynne the Trooper (level 6, -4/52 HPs)
             Began as a Ghoul Gladiator on Jan 2, 2024.
             Was an Initiate of Sif Muna.
             Slain by a sky beast (5 damage)
             ... on level 5 of the Dungeon.
             The game lasted 00:43:25 (4598 turns).

Prynne the Trooper (Ghoul Gladiator)                Turns: 4598, Time: 00:43:25

Health: -4/52      AC:  7    Str: 20    XL:     6   Next: 88%
Magic:  5/5        EV: 10    Int:  3    God:    Sif Muna [......]
Gold:   149        SH:  0    Dex: 10    Spells: 5/5 levels left

rFire   + . .        k - +1 mace (heavy)
rCold   . . .        (no shield)
rNeg    + + +        e - +0 scale mail
rPois   ∞            c - +0 helmet
rElec   .            (no cloak)
rCorr   .            (no gloves)
SInv    .            (no boots)
Will    .....        (no amulet) Stlth
                     j - ring of fire
HPRegen 0.00/turn    (no ring)
MPRegen 0.09/turn

%: no passive effects
@: inhibited regen
A: claws 1, cold resistance 1, negative energy resistance 3, inhibited
regeneration, torment resistance 2, devour on kill
a: Renounce Religion


You were on level 5 of the Dungeon.
You worshipped Sif Muna.
Sif Muna was noncommittal.
You visited 1 branch of the dungeon, and saw 5 of its levels.

You collected 149 gold pieces.

Inventory:

Hand Weapons
 a - a +0 war axe
 k - a +1 heavy mace (weapon)
Missiles
 d - a throwing net
 t - a javelin (quivered)
Armour
 b - a +0 leather armour
 c - a +0 helmet (worn)
 e - a +0 scale mail (worn)
 o - a +0 leather armour
 v - a +0 ring mail
Jewellery
 j - a ring of fire (left claw)
Wands
 f - a wand of paralysis (8)
Scrolls
 g - a scroll of fear
 h - a scroll of enchant armour {unknown}
 l - a scroll of fog {unknown}
 m - a scroll of teleportation {unknown}
 p - a scroll of vulnerability {unknown}
 q - 2 scrolls of poison {unknown}
 r - a scroll of identify
 s - a scroll of immolation {unknown}
 u - a scroll of enchant weapon {unknown}
Potions
 i - a potion of mutation
 n - a potion of curing


   Skills:
 + Level 4.1 Fighting
 + Level 3.5(3.8) Axes
 + Level 1.8(2.9) Maces & Flails
 + Level 2.2 Throwing
 + Level 3.1 Armour
 + Level 3.5 Dodging
 + Level 0.8 Stealth


You had 5 spell levels left.
You didn't know any spells.
Your spell library contained the following spells:

 Spells                   Type           Power      Damage    Failure   Level
 Ozocubu's Armour         Ice            0%         N/A       99%         3
 Swiftness                Air            0%         N/A       99%         3
 Animate Armour           Summ/Erth      0%         N/A       100%        4
 Metabolic Englaciation   Hex/Ice        0%         N/A       100%        5
 Plasma Beam              Fire/Air       0%         2x1d11    100%        6
 Simulacrum               Ice/Necr       0%         N/A       100%        6


Dungeon Overview and Level Annotations

Branches:
Dungeon (5/15)
 Temple: D:4-7

Altars:
Sif Muna

Shops:
D:1 (


Innate Abilities, Weirdness & Mutations

You are immune to poison.
You have sharp fingernails.
Your flesh is cold resistant. (rC+)
You are immune to negative energy. (rN+++)
You do not regenerate when monsters are visible.
You are immune to unholy pain and torment.
You thrive by killing the living.


Message History

You sock the sky beast!
The sky beast is almost dead.
The sky beast hits you. The sky beast shocks you.
The sky beast flickers out of sight!
Deactivating autopickup; reactivate with Ctrl-A.
Something completely misses you.
You closely miss something. Something hits you. Something shocks you.
Something hits you. Something shocks you.
A sky beast appears from thin air!
Reactivating autopickup.
You barely miss the sky beast.
The sky beast is almost dead.
The sky beast closely misses you. The sky beast hits you.
The sky beast shocks you.
* * * LOW HITPOINT WARNING * * *
You hit the sky beast but do no damage.
The sky beast is almost dead.
The sky beast hits you.
* * * LOW HITPOINT WARNING * * *
The sky beast shocks you.
* * * LOW HITPOINT WARNING * * *
The sky beast hits you but does no damage.
The sky beast closely misses you. The sky beast attacks as you move away!
The sky beast hits you but does no damage.
The sky beast attacks as you move away!
The sky beast hits you but does no damage.
The sky beast closely misses you. The sky beast attacks as you move away!
The sky beast closely misses you. The sky beast attacks as you move away!
The sky beast barely misses you. The sky beast barely misses you.
The sky beast flickers out of sight!
Deactivating autopickup; reactivate with Ctrl-A.
Things that are here:
a +0 shortbow; a centaur corpse Something hits you but does no damage.
Something hits you.
* * * LOW HITPOINT WARNING * * *
Something shocks you.
You die...

....#.#.... .....~..#
....#[#.# ### ......#.#
##.## # #....##.####
##.<.##.# #..#.......#
##.......# #.......##.#
#.......##
#.......##.####.##.##.#
####.....)......@..# .#
##.####.####.#### # #.#
#.# #.# #.. ..# #..
######## ####


There were no monsters in sight!

Vanquished Creatures
  A centaur (D:5)
  A howler monkey (D:4)
  A jelly (D:4)
  2 hounds (D:5)
  An orc priest (D:4)
  Terence (D:2)
  An orc wizard (D:2)
  5 adders
  A dart slug (D:1)
  5 orcs
  9 ball pythons
  8 bats
  4 endoplasms
  2 giant cockroaches
  11 goblins
  8 hobgoblins
  2 quokkas
  6 frilled lizards
  3 kobolds
  3 rats (D:1)
75 creatures vanquished.

Notes
Turn   | Place    | Note
-------+----------+-------------------------------------------
     0 | D:1      | Prynne the Ghoul Gladiator began the quest for the Orb.
     0 | D:1      | Reached XP level 1. HP: 17/17 MP: 0/0
   156 | D:1      | Reached XP level 2. HP: 24/24 MP: 1/1
   404 | D:1      | Found Moedoi's Weapon Shop.
   464 | D:1      | Reached XP level 3. HP: 30/30 MP: 2/2
  1199 | D:2      | Noticed Terence
  1400 | D:3      | Reached XP level 4. HP: 13/37 MP: 3/3
  1403 | D:3      | Reached skill level 1 in Armour
  1839 | D:2      | Killed Terence
  1840 | D:2      | Reached skill level 3 in Fighting
  2785 | D:2      | Reached XP level 5. HP: 9/45 MP: 4/4
  2791 | D:2      | HP: 1/45 [orc/+0 flail (2)]
  3587 | D:4      | HP: 1/45 [acid (7)]
  3989 | D:4      | Reached skill level 1 in Maces & Flails
  3989 | D:4      | Reached XP level 6. HP: 51/51 MP: 5/5
  4019 | D:4      | Got the Book of Geological Turbulence
  4242 | D:4      | Found a shimmering blue altar of Sif Muna.
  4254 | D:4      | Became a worshipper of Sif Muna the Loreminder
  4532 | D:5      | Entered Level 5 of the Dungeon
  4551 | D:5      | Reached skill level 4 in Fighting
  4567 | D:5      | Noticed a sky beast
  4579 | D:5      | HP: 2/52 [sky beast (6)]
  4598 | D:5      | HP: 1/52 [something (1)]
  4598 | D:5      | Slain by a sky beast

Illustrated notes

Levels and vault maps discovered:
D:1:      heliophobic_arrival_ceremonial_halls, layout_basic, serial_shops, shop
D:2:      layout_basic, uniq_terence
D:3:      minmay_razor_zed, layout_rooms, lemuel_zombie_altar_yredelemnul,
          minmay_misc_feat_enclosed, kennysheep_nub
D:4:      layout_basic, lemuel_blue_sif_altar, serial_aquarium,
          aquarium_bridge_long_separate [aquarium_subvault_bridge,
          aquarium_subvault_window, aquarium_subvault_bridge,
          aquarium_subvault_bridge, aquarium_subvault_wall,
          aquarium_subvault_window], aquarium_window_double, aquarium_window_1,
          aquarium_window_corner, aquarium_view_2d, aquarium_balcony_double_4
D:5:      layout_loops_cross, mainiacjoe_overflow_alcove_1,
          nemelex_xobeh_ov_fountains_minmay, temple_hall,
          minmay_manual_macuahuitl

Skill      XL: |  1  2  3  4  5  6 |
---------------+-------------------+-----
Axes           | 3 |  3.5
Dodging        | 3 |  3.5
Throwing       | 2 |  2.2
Armour         | 1 2 3 |  3.1
Fighting       | 3 4 |  4.1
Maces & Flails | 1 |  1.8
Stealth        | |  0.8

Action                     |  1- 3 |  4- 6 || total
---------------------------+-------+-------++-------
  Melee: War axe           |    86 |       ||    86
         Mace              |    22 |    85 ||   107
  Throw: Javelin           |    11 |     4 ||    15
         Throwing net      |     1 |     2 ||     3
    Use: Scroll            |     2 |     1 ||     3
         Potion            |     2 |       ||     2
 Armour: Leather armour    |    54 |     8 ||    62
         Scale mail        |       |    58 ||    58
  Dodge: Dodged            |   107 |    87 ||   194
